 Dungeon Crawl Stone Soup version 0.17.0-9-g801d43b (console) character file.

31 gw the Vexing (level 3, 0/20 HPs)
             Began as a Deep Elf Arcane Marksman on Nov 9, 2015.
             Succumbed to an adder's poison
             ... on level 2 of the Dungeon.
             The game lasted 00:01:06 (1309 turns).

gw the Vexing (Deep Elf Arcane Marksman)            Turns: 1309, Time: 00:01:06

Health: 0/20       AC:  4    Str:  8    XL:     3   Next: 7%
Magic:  8/9        EV: 12    Int: 18    God:
Gold:   148        SH:  0    Dex: 14    Spells: 1 memorised, 7 levels left

rFire  . . .     SeeInvis .     a - +0 shortbow
rCold  . . .     Clarity  .     g - +0 leather armour
rNeg   . . .     SustAt   .     (shield currently unavailable)
rPois  .         Gourm    .     (no helmet)
rElec  .         Spirit   .     f - +0 cloak
rCorr  .         Warding  .     (no gloves)
rMut   .         Stasis   .     (no boots)
MR     .....                    (no amulet)
Stlth  +.........               (no ring)
                                (no ring)

@: lethally poisoned (0 -> -19), not resistant to hostile enchantments, very
unstealthy
A: no striking features
a: no special abilities


You were on level 2 of the Dungeon.
You were not hungry.

You visited 1 branch of the dungeon, and saw 2 of its levels.

You collected 148 gold pieces.

Inventory:

Hand Weapons
 a - a +0 shortbow (weapon)
Missiles
 b - 28 arrows (quivered)
Armour
 f - a +0 cloak (worn)
 g - a +0 leather armour (worn)
Books
 d - a book of Debilitation

   Spells                             Type                      Level
   a - Corona                         Hexes                        1
   b - Slow                           Hexes                        2
   c - Gell's Gravitas                Hexes/Translocation          3
   d - Inner Flame                    Hexes/Fire                   3
   e - Cause Fear                     Hexes                        4
   f - Leda's Liquefaction            Hexes/Earth                  4
Comestibles
 e - 5 bread rations


   Skills:
 + Level 1.1 Fighting
 + Level 2.5 Bows
 + Level 0.1 Armour
 - Level 2.4 Dodging
 * Level 3.1 Spellcasting
 + Level 4.2 Hexes


You had 7 spell levels left.
You knew the following spells:

 Your Spells              Type           Power        Failure   Level  Hunger
a - Corona                Hex            ###....      4%          1    None


Dungeon Overview and Level Annotations

Branches:
Dungeon (2/15)

Altars:


Message History

The adder is moderately wounded.
The adder bites you.
You are more poisoned.
The adder poisons you! The adder bites you.
You are more poisoned.
The adder poisons you!
Unknown command.
Unknown command.
Unknown command.
Unknown command.
Unknown command.
Unknown command.
Unknown command.
Attempting RANGED ATTACK TO (0,-1) Firing (i - inventory):
b - 29 arrows (quivered)
Press: ? - help, Shift-Dir - straight line, f/p - adder
Aim: an adder (moderately wounded, softly glowing)
You shoot an arrow. The arrow hits the adder.
The adder is moderately wounded.
You die...

......#...........##.#
...##.#.#..#..........
#. #.#..#......##.
..........(#....
.#.##..####.# #.#
#.#....$...#.###.###
#..#...[..l.......
...##....#S###.### ..
#....#e......# ...#+
#####.#.# #. #


You could see an adder and a giant gecko.

Table legend:
 A = Turns spent in this place as a percentage of turns spent in the entire game.
 B = Non-inter-level travel turns spent in this place as a percentage of non-inter-level travel turns spent in the entire game.
 C = Inter-level travel turns spent in this place as a percentage of turns spent in this place.
 D = Turns resting spent in this place as a percentage of non-inter-level travel turns spent in this place.
 E = Turns spent auto-exploring this place as a percentage of non-inter-level travel turns spent in this place.
 F = Non-inter-level travel turns spent in this place divided by the number of levels of this place that you've seen.
                   A       B       C       D       E      F
               +-------+-------+-------+-------+-------+----------------------
         Total | 100.0 | 100.0 |   0.4 |   2.3 |   2.3 | 872.5
       Dungeon | 100.0 | 100.0 |   0.4 |   2.3 |   2.3 | 872.5
               +-------+-------+-------+-------+-------+----------------------

Table legend:
 A = Kills in this place as a percentage of kills in entire the game.
 B = Kills by you in this place as a percentage of kills by you in the entire game.
 C = Kills by friends in this place as a percentage of kills by friends in the entire game.
 D = Other kills in this place as a percentage of other kills in the entire game.
 E = Experience gained in this place as a percentage of experience gained in the entire game.
 F = Experience gained in this place divided by the number of levels of this place that you have seen.
                   A       B       C       D       E      F
               +-------+-------+-------+-------+-------+----------------------
         Total | 100.0 | 100.0 |  -nan |  -nan | 100.0 |  22.5
       Dungeon | 100.0 | 100.0 |  -nan |  -nan | 100.0 |  22.5
               +-------+-------+-------+-------+-------+----------------------

Vanquished Creatures
  A worm (D:2)
  A giant gecko (D:1)
  3 giant cockroaches
  4 goblins (D:1)
  2 hobgoblins
  2 kobolds (D:1)
  2 ball pythons
  4 bats
  3 giant newts
  4 rats (D:1)
26 creatures vanquished.

Notes
Turn   | Place    | Note
--------------------------------------------------------------
     0 | D:1      | gw the Deep Elf Arcane Marksman began the quest for the Orb.
     0 | D:1      | Reached XP level 1. HP: 11/11 MP: 5/5
   388 | D:1      | Reached XP level 2. HP: 16/16 MP: 5/7
   491 | D:1      | Reached skill level 1 in Fighting
  1151 | D:2      | Reached XP level 3. HP: 20/20 MP: 9/9
  1309 | D:2      | Succumbed to an adder's poison

Action                   || total
-------------------------++-------
 Fire: Shortbow          ||    61
 Cast: Corona            ||    26
  Eat: Chunk             ||     1

Vault maps used:
D:1:      roderic_crossed_star
D:2:      lemuel_coloured_pillars_altar, nrook_loot_triangle
